PR
SURPRISE SHOCKERS @ OGALLALA OCTOPI
07/12/2034
 
TOP OF THE 1ST
Surprise Shockers batting - Pitching for Ogallala Octopi : LHP Fred Ramey
Pitching: LHP Fred Ramey
Batting: LHB Arto Toikka 0-0: Ball
1-0: Ground out 6-3 (Groundball, 6MS)
Batting: RHB Quinn Lynch 0-0: Ball
1-0: Swinging Strike
1-1: Foul Ball, location: 2F
1-2: Ball
2-2: Foul Ball, location: 2F
2-2: Strikes out looking and he physically ARGUES THE CALL AND IS TOSSED!
Batting: LHB Alfredo Garza 0-0: Ball
1-0: Swinging Strike
1-1: Called Strike
1-2: Ball
2-2: Foul Ball, location: 2F
2-2: Fly out, F8 (Flyball, 78M)
Top of the 1st over - 0 runs, 0 hits, 0 errors, 0 left on base; Surprise 0 - Ogallala 0
BOTTOM OF THE 1ST
Ogallala Octopi batting - Pitching for Surprise Shockers : LHP Walt Hart
Pitching: LHP Walt Hart
Now at 2B: Carlos González
Batting: RHB Salvador Gisbert 0-0: Called Strike
0-1: Foul Ball, location: 2F
0-2: Ball
1-2: Ball
2-2: Ball
3-2: Base on Balls
Batting: RHB Mike Moss 0-0: Called Strike
0-1: Ball
1-1: Swinging Strike
1-2: Strikes out swinging
Batting: RHB Carlos Martínez 0-0: Ball
1-0: Called Strike
1-1: Ball
2-1: Called Strike
2-2: Grounds into double play, 6-4-3 (Groundball, 6)
Bottom of the 1st over - 0 runs, 0 hits, 0 errors, 0 left on base; Surprise 0 - Ogallala 0
TOP OF THE 2ND
Surprise Shockers batting - Pitching for Ogallala Octopi : LHP Fred Ramey
Batting: LHB Lao Tian 0-0: Ball
1-0: Ball
2-0: Fly out, F3 (Popup, 3F)
Batting: RHB Esteban León 0-0: Ball
1-0: Ball
2-0: Ground out 6-3 (Groundball, 6D)
Batting: RHB Eric Martínez 0-0: Called Strike
0-1: Called Strike
0-2: Fly out, F8 (Line Drive, 89M)
Top of the 2nd over - 0 runs, 0 hits, 0 errors, 0 left on base; Surprise 0 - Ogallala 0
BOTTOM OF THE 2ND
Ogallala Octopi batting - Pitching for Surprise Shockers : LHP Walt Hart
Batting: LHB Lauren Hilfiker 0-0: Called Strike
0-1: Fly out, F8 (Flyball, 8LS)
Batting: RHB Phil van Oosterom 0-0: Ball
1-0: Ball
2-0: Called Strike
2-1: Foul Ball, location: 2F
2-2: Ball
3-2: Ground out 6-3 (Groundball, 6D)
Batting: RHB Kao-tsu Koo 0-0: Ball
1-0: Foul Ball, location: 2F
1-1: Foul Ball, location: 2F
1-2: Ball
2-2: Strikes out looking
Bottom of the 2nd over - 0 runs, 0 hits, 0 errors, 0 left on base; Surprise 0 - Ogallala 0
TOP OF THE 3RD
Surprise Shockers batting - Pitching for Ogallala Octopi : LHP Fred Ramey
Batting: RHB George Mota 0-0: Called Strike
0-1: Ball
1-1: Called Strike
1-2: Foul Ball, location: 2F
1-2: Ball
2-2: Ground out 6-3 (Groundball, 56)
Batting: RHB Paul Prichard 0-0: Ball
1-0: SINGLE (Line Drive, 56)
Batting: RHB Benjamin Blunsdon 0-0: Called Strike
0-1: Grounds into double play, 6-4-3 (Groundball, 6)
Top of the 3rd over - 0 runs, 1 hit, 0 errors, 0 left on base; Surprise 0 - Ogallala 0
BOTTOM OF THE 3RD
Ogallala Octopi batting - Pitching for Surprise Shockers : LHP Walt Hart
Batting: RHB Alejandro Cantú 0-0: Ball
1-0: Foul Ball, location: 2F
1-1: Ball
2-1: Fly out, F8 (Flyball, 78S)
Batting: RHB David Stone 0-0: Ball
1-0: Swinging Strike
1-1: Swinging Strike
1-2: Strikes out swinging
Batting: RHB Anthon Oort 0-0: Ball
1-0: Ball
2-0: Foul Ball, location: 2F
2-1: Ball
3-1: Foul Ball, location: 2F
3-2: Foul Ball, location: 2F
3-2: Strikes out swinging
Bottom of the 3rd over - 0 runs, 0 hits, 0 errors, 0 left on base; Surprise 0 - Ogallala 0
TOP OF THE 4TH
Surprise Shockers batting - Pitching for Ogallala Octopi : LHP Fred Ramey
Batting: LHB Arto Toikka 0-0: Ground out 6-3 (Groundball, 6)
Batting: RHB Carlos González 0-0: Ball
1-0: Called Strike
1-1: Ground out 3-1 (Groundball, 34)
Batting: LHB Alfredo Garza 0-0: Ball
1-0: Fly out, F5 (Line Drive, 56)
Top of the 4th over - 0 runs, 0 hits, 0 errors, 0 left on base; Surprise 0 - Ogallala 0
BOTTOM OF THE 4TH
Ogallala Octopi batting - Pitching for Surprise Shockers : LHP Walt Hart
Batting: RHB Salvador Gisbert 0-0: Ball
1-0: Ball
2-0: Called Strike
2-1: Fly out, F8 (Flyball, 78M)
Batting: RHB Mike Moss 0-0: Swinging Strike
0-1: Foul Ball, location: 2F
0-2: Ball
1-2: Strikes out looking
Batting: RHB Carlos Martínez 0-0: Ball
1-0: Foul Ball, location: 2F
1-1: Fly out, F3 (Popup, 3)
Bottom of the 4th over - 0 runs, 0 hits, 0 errors, 0 left on base; Surprise 0 - Ogallala 0
TOP OF THE 5TH
Surprise Shockers batting - Pitching for Ogallala Octopi : LHP Fred Ramey
Batting: LHB Lao Tian 0-0: Ball
1-0: Swinging Strike
1-1: Foul Ball, location: 2F
1-2: Strikes out swinging
Batting: RHB Esteban León 0-0: Ball
1-0: Ball
2-0: Ball
3-0: Called Strike
3-1: Foul Ball, location: 2F
3-2: Base on Balls
Batting: RHB Eric Martínez 0-0: Ball
1-0: Ball
2-0: Called Strike
2-1: Called Strike
2-2: TRIPLE (Flyball, 89XD)
Esteban León scores
Batting: RHB George Mota 0-0: Ball
1-0: Ground out 6-3 (Groundball, 6D)
Eric Martínez scores
Batting: RHB Paul Prichard 0-0: Ball
1-0: Called Strike
1-1: Foul Ball, location: 2F
1-2: SINGLE (Groundball, 34D)
Batting: RHB Benjamin Blunsdon 0-0: Called Strike
0-1: Foul Ball, location: 2F
0-2: Foul Ball, location: 2F
0-2: DOUBLE (Flyball, 8RXD)
Paul Prichard to third
Runner from 3rd tries for Home, SAFE, no throw
Batting: LHB Arto Toikka 0-0: Ground out 4-3 (Groundball, 4)
Top of the 5th over - 3 runs, 3 hits, 0 errors, 1 left on base; Surprise 3 - Ogallala 0
BOTTOM OF THE 5TH
Ogallala Octopi batting - Pitching for Surprise Shockers : LHP Walt Hart
Batting: LHB Lauren Hilfiker 0-0: Called Strike
0-1: Ball
1-1: Ball
2-1: Foul Ball, location: 2F
2-2: Strikes out looking
Batting: RHB Phil van Oosterom 0-0: Ball
1-0: Ball
2-0: Ball
3-0: Called Strike
3-1: Called Strike
3-2: Base on Balls
Batting: RHB Kao-tsu Koo 0-0: Ball
1-0: Ball
2-0: Fly out, F9 (Flyball, 9S)
Batting: RHB Alejandro Cantú 0-0: Swinging Strike
0-1: Foul Ball, location: 2F
0-2: Ball
1-2: Ball
2-2: Ball
3-2: SINGLE (Line Drive, 7LS)
Phil van Oosterom to second
Phil van Oosterom to third
Batting: RHB David Stone 0-0: Ball
Pickoff Throw to First - Out!
Bottom of the 5th over - 0 runs, 1 hit, 0 errors, 1 left on base; Surprise 3 - Ogallala 0
TOP OF THE 6TH
Surprise Shockers batting - Pitching for Ogallala Octopi : LHP Fred Ramey
Batting: RHB Carlos González 0-0: Called Strike
0-1: Foul Ball, location: 2F
0-2: Ball
1-2: Fly out, F9 (Line Drive, 89M)
Batting: LHB Alfredo Garza 0-0: Ball
1-0: Called Strike
1-1: Ball
2-1: Ball
3-1: Fly out, F2 (Popup, 2LF)
Batting: LHB Lao Tian 0-0: Ball
1-0: Called Strike
1-1: Ball
2-1: SINGLE (Groundball, 56S) (infield hit)
Batting: RHB Esteban León 0-0: Ball
1-0: Ball
2-0: Called Strike
2-1: Ball
3-1: Called Strike
3-2: Ground out 5-3 (Groundball, 5L)
Top of the 6th over - 0 runs, 1 hit, 0 errors, 1 left on base; Surprise 3 - Ogallala 0
BOTTOM OF THE 6TH
Ogallala Octopi batting - Pitching for Surprise Shockers : LHP Walt Hart
Batting: RHB David Stone 0-0: Called Strike
0-1: DOUBLE (Flyball, 89D)
Batting: RHB Anthon Oort 0-0: Fly out, F8 (Flyball, 8RS)
Batting: RHB Salvador Gisbert 0-0: Called Strike
0-1: Ball
1-1: Swinging Strike
1-2: Foul Ball, location: 2F
1-2: Ball
2-2: Strikes out swinging
Batting: RHB Mike Moss 0-0: Called Strike
0-1: Foul Ball, location: 2F
0-2: Ball
1-2: Ground out U3 (Groundball, 3)
Bottom of the 6th over - 0 runs, 1 hit, 0 errors, 1 left on base; Surprise 3 - Ogallala 0
TOP OF THE 7TH
Surprise Shockers batting - Pitching for Ogallala Octopi : LHP Fred Ramey
Batting: RHB Eric Martínez 0-0: Ground out 4-3 (Groundball, 4)
Batting: RHB George Mota 0-0: Called Strike
0-1: Ball
1-1: Ball
2-1: Foul Ball, location: 2F
2-2: Strikes out swinging
Batting: RHB Paul Prichard 0-0: Foul Ball, location: 2F
0-1: Swinging Strike
0-2: Strikes out swinging
Top of the 7th over - 0 runs, 0 hits, 0 errors, 0 left on base; Surprise 3 - Ogallala 0
BOTTOM OF THE 7TH
Ogallala Octopi batting - Pitching for Surprise Shockers : LHP Walt Hart
Batting: RHB Carlos Martínez 0-0: Ball
1-0: SINGLE (Groundball, 4MD)
Batting: LHB Lauren Hilfiker 0-0: SINGLE (Line Drive, 9S)
Carlos Martínez to second
Runner from 2nd tries for 3rd, SAFE, no throw
Pinch Runner at 3rd Derek Corbin:
Batting: RHB Phil van Oosterom 0-0: Ball
1-0: Foul Ball, location: 2F
1-1: Ball
Lauren Hilfiker is caught stealing 2nd base
2-1: Called Strike
2-2: Ball
3-2: Foul Ball, location: 2F
3-2: SINGLE (Groundball, 56D)
Derek Corbin scores
Batting: RHB Kao-tsu Koo 0-0: Called Strike
0-1: Foul Ball, location: 2F
0-2: Grounds into double play, 5-4-3 (Groundball, 56)
Bottom of the 7th over - 1 run, 3 hits, 0 errors, 0 left on base; Surprise 3 - Ogallala 1
TOP OF THE 8TH
Surprise Shockers batting - Pitching for Ogallala Octopi : LHP Fred Ramey
Batting: RHB Benjamin Blunsdon 0-0: Ball
1-0: Called Strike
1-1: Fly out, F9 (Flyball, 9LS)
Batting: LHB Arto Toikka 0-0: Ground out U3 (Groundball, 3)
Batting: RHB Carlos González 0-0: Called Strike
0-1: Foul Ball, location: 2F
0-2: Foul Ball, location: 2F
0-2: Ball
1-2: Foul Ball, location: 2F
1-2: DOUBLE (Line Drive, 9LM)
Pitching: LHP Chi-young Zamora
Batting: LHB Alfredo Garza 0-0: Ball
1-0: Ball
2-0: DOUBLE (Line Drive, 9LD)
Carlos González scores
Batting: LHB Lao Tian 0-0: Ball
1-0: Swinging Strike
1-1: Ground out 4-3 (Groundball, 4)
Top of the 8th over - 1 run, 2 hits, 0 errors, 1 left on base; Surprise 4 - Ogallala 1
BOTTOM OF THE 8TH
Ogallala Octopi batting - Pitching for Surprise Shockers : LHP Walt Hart
Batting: RHB Alejandro Cantú 0-0: Called Strike
0-1: Called Strike
0-2: Ball
1-2: Fly out, F8 (Flyball, 78S)
Batting: RHB David Stone 0-0: Fly out, F8 (Flyball, 8RD)
Batting: RHB Anthon Oort 0-0: Called Strike
0-1: Ball
1-1: Foul Ball, location: 2F
1-2: Strikes out swinging
Bottom of the 8th over - 0 runs, 0 hits, 0 errors, 0 left on base; Surprise 4 - Ogallala 1
TOP OF THE 9TH
Surprise Shockers batting - Pitching for Ogallala Octopi : LHP Chi-young Zamora
Batting: RHB Esteban León 0-0: Swinging Strike
0-1: Ball
1-1: Ball
2-1: Foul Ball, location: 2F
2-2: Ball
3-2: Foul Ball, location: 2F
3-2: Strikes out looking
Batting: RHB Eric Martínez 0-0: Ball
1-0: Foul Ball, location: 2F
1-1: Swinging Strike
1-2: Strikes out swinging
Batting: RHB George Mota 0-0: Called Strike
0-1: Ball
1-1: Called Strike
1-2: Foul Ball, location: 2F
1-2: Strikes out looking
Top of the 9th over - 0 runs, 0 hits, 0 errors, 0 left on base; Surprise 4 - Ogallala 1
BOTTOM OF THE 9TH
Ogallala Octopi batting - Pitching for Surprise Shockers : LHP Walt Hart
Batting: RHB Salvador Gisbert 0-0: Ball
1-0: Called Strike
1-1: Reached on error, E6 (Groundball, 6)
Pitching: RHP José Castro
Batting: RHB Mike Moss 0-0: Called Strike
0-1: Swinging Strike
0-2: Ball
1-2: Ball
2-2: Ball
3-2: Base on Balls
Salvador Gisbert to second
Batting: LHB Derek Corbin 0-0: Called Strike
0-1: Ball
1-1: Called Strike
1-2: Ball
2-2: Ball
3-2: Strikes out swinging
Batting: LHB Lauren Hilfiker 0-0: Ground out 4-3 (Groundball, 4S)
Salvador Gisbert to third
Mike Moss to second
Batting: RHB Phil van Oosterom 0-0: Foul Ball, location: 2F
0-1: Ball
1-1: Foul Ball, location: 2F
1-2: Ball
2-2: Ball
3-2: Base on Balls
Batting: RHB Kao-tsu Koo 0-0: Swinging Strike
0-1: Swinging Strike
0-2: Ball
1-2: Strikes out swinging
Bottom of the 9th over - 0 runs, 0 hits, 1 error, 3 left on base; Surprise 4 - Ogallala 1
Friday, March 29th, 2019 - OOTP Baseball 18.8 Build 76